 Dungeon Crawl Stone Soup version 0.27.0-1-g7a08968 (webtiles) character file.

Game seed: 16383122826197572615

1773 MercyWheel the Ducker (level 9, -5/62 HPs)
             Began as a Djinni Artificer on Nov 6, 2021.
             Was a Follower of Makhleb.
             Slain by a troll (9 damage)
             ... on level 5 of the Dungeon.
             The game lasted 00:26:26 (9202 turns).

MercyWheel the Ducker (Djinni Artificer)            Turns: 9202, Time: 00:26:27

Health: -5/62      AC:  8    Str: 11    XL:     9   Next: 28%
Gold:   262        EV: 12    Int: 16    God:    Makhleb [*.....] SH:  0 Dex: 14

rFire    + + .     SeeInvis .   o - +1 short sword (venom)
rCold    x . .     Faith    .   (no shield)
rNeg     . . .     Spirit   .   z - +1 ring mail {Will+}
rPois    ∞         Reflect  .   j - +0 helmet
rElec    .         Harm     .   t - +0 cloak
rCorr    .         Rampage  .   (no gloves)
Will     +....                  (boots unavailable)
Stlth    +.........             A - amulet of the acrobat
HPRegen  0.20/turn              (no ring)
MPRegen  0.00/turn              (no ring)

@: freezing walls, flying
A: sickness immunity, fire resistance 2, cold vulnerability 1, float, innate
caster, hp casting, extra vitality 1
a: Renounce Religion


You were on level 5 of the Dungeon.
You worshipped Makhleb.
Makhleb was aware of your devotion.
You visited 2 branches of the dungeon, and saw 7 of its levels.
You also visited: Ossuary.

You collected 262 gold pieces.

Inventory:

Hand Weapons
 m - a +0 short sword
 o - a +1 short sword of venom (weapon)
Missiles
 i - 47 poisoned darts
 w - a throwing net
 B - 5 javelins (quivered)
Armour
 b - a +0 leather armour
 h - a +0 scale mail of cold resistance
 j - a +0 helmet (worn)
 t - a +0 cloak (worn)
 z - a +1 ring mail of willpower (worn)
 C - a +0 buckler
 E - a +0 leather armour of fire resistance
Jewellery
 v - a ring of ice
 A - an amulet of the acrobat (around neck)
Wands
 c - a wand of digging (5)
 d - a wand of charming (9)
Scrolls
 f - a scroll of amnesia {unknown}
 k - 2 scrolls of magic mapping {unknown}
 l - 4 scrolls of identify {unknown}
 n - a scroll of silence {unknown}
 q - 3 scrolls of teleportation {unknown}
 r - a scroll of brand weapon {unknown}
 s - a scroll of vulnerability {unknown}
 u - 2 scrolls of blinking {unknown}
 y - 2 scrolls of enchant armour {unknown}
Potions
 a - a potion of might
 g - a potion of brilliance {unknown}
 p - a potion of degeneration
 x - a potion of haste
 D - a potion of ambrosia {unknown}
Miscellaneous
 e - a piece from Xom's chessboard (15/15)


   Skills:
 - Level 4.1 Fighting
 - Level 5.0 Short Blades
 - Level 1.0 Armour
 - Level 6.4 Dodging
 - Level 0.7 Stealth
 * Level 5.2 Spellcasting
 - Level 3.0 Evocations


You had 8 spell levels left.
You knew the following spells:

 Your Spells              Type           Power      Damage    Failure   Level
a - Pain                  Necr           80%        1d8       4%          1
b - Slow                  Hex            20%        N/A       6%          2
c - Frozen Ramparts       Ice            40%        1d6       12%         3
d - Dispel Undead         Necr           20%        3d11      38%         4
Your spell library was empty.

Dungeon Overview and Level Annotations

Branches:
Dungeon (6/15)             Temple (1/1) D:4         Ossuary (visited)

Altars:
Ashenzari
Dithmenos
Elyvilon
Fedhas
Gozag
Kikubaaqudgha
Makhleb
Nemelex Xobeh
Qazlal
Ru
Trog
Vehumet
Wu Jian
Xom
Yredelemnul
Zin
The Shining One

Annotations:
D:1 exclusion: 2 downstairs
D:2 exclusion: downstairs
D:4 exclusion: 2 downstairs
D:5 Dowan, Duvessa


Innate Abilities, Weirdness & Mutations

You are immune to sickness and miasma.
You are immune to poison.
Your flesh is very heat resistant. (rF++)
You are vulnerable to cold. (rC-)
You float through the air rather than walking.
You learn spells naturally, not from books.
Your magical power is your life essence.
You have superior vitality. (+4 HP)


Message History

The troll is moderately wounded.
The wyvern zombie completely resists.
The wall freezes the wyvern zombie but does no damage.
You closely miss the troll.
The troll is moderately wounded.
The wall freezes the troll.
The troll bites you. The troll claws you.
The troll claws you but does no damage.
The wyvern zombie completely resists.
The wall freezes the wyvern zombie but does no damage.
You hit the troll but do no damage.
The troll is moderately wounded.
The wall freezes the troll.
The troll closely misses you. The troll claws you. The troll claws you!
The wyvern zombie completely resists.
The wall freezes the wyvern zombie but does no damage.
A white ugly thing comes into view.
Your frozen ramparts will break if you move.
Continue?
The frozen ramparts melt away as you move.
The white ugly thing gurgles horribly!
There is a stone staircase leading up here.
The troll barely misses you. The troll claws you. The troll misses you.
You fly upwards.
Level annotation: Dowan, Duvessa
There is a stone staircase leading down here.
Casting: Slow (safe; 6% risk of failure)
Confirm with . or Enter, or press ? or * to list all spells.
Casting: Frozen Ramparts (dangerous; 12% risk of failure)
Press: ? - help, Dir - look around, f - activate A stone staircase leading down.
The walls around you are covered in ice.
The wall freezes the troll.
The troll bites you. The troll misses you. The troll claws you!
* * * LOW HITPOINT WARNING * * *
You hit the troll.
The troll is severely wounded.
The wall freezes the troll.
The troll barely misses you. x2
The troll claws you!
* * * LOW HITPOINT WARNING * * *
You barely miss the troll.
The troll is almost dead.
The wall freezes the troll.
The troll bites you!
You die...

#..#
##.#
#..# #
#..#
#..#.#
#..#
##..#.#
#..#
......#
#..#
##..###
#..#
#..#
#..#
#..##
####.)#
#...##
#@....#
#....##
#T#####
#..†..#
#.#
#....##
#.#
#.#.##
#.#
#.#.#
#.#
##.#.#
#.#
...#.#
#.#
####.#
#.#


You could see a troll (poisoned).

Vanquished Creatures
  Grinder (D:5)
  A steam dragon (D:6)
  An ice beast (D:6)
  A necrophage (D:5)
  3 sky beasts
  2 black bears
  An ogre (D:5)
  2 water moccasin skeletons
  A centaur zombie (D:5)
  A bullfrog zombie (D:5)
  7 hounds
  A jelly (D:6)
  A human zombie (Ossuary)
  An orc priest (D:6)
  2 bullfrog skeletons
  A hound skeleton (D:5)
  8 gnolls
  5 adders
  A white imp (D:6)
  An adder skeleton (D:4)
  A dart slug (D:1)
  9 orcs
  6 ball pythons
  9 bats
  4 bat zombies (D:6)
  5 endoplasms
  5 giant cockroaches
  2 goblins (D:1)
  5 hobgoblins
  9 jackals
  3 quokkas
  3 frilled lizards
  3 goblin zombies (Ossuary)
  3 hobgoblin zombies (Ossuary)
  3 kobolds
  A kobold zombie (Ossuary)
  An orc zombie (Ossuary)
  5 rats
119 creatures vanquished.

Vanquished Creatures (collateral kills)
  An ufetubus (D:5)
1 creature vanquished.

Vanquished Creatures (others)
  A jackal (D:4)
  2 fungi (D:2)
  A plant (D:2)
4 creatures vanquished.

Grand Total: 124 creatures vanquished

Notes
Turn   | Place    | Note
-------+----------+-------------------------------------------
     0 | D:1      | MercyWheel the Djinni Artificer began the quest for the
                  | Orb.
     0 | D:1      | Reached XP level 1. HP: 17/17 MP: 0/0
   360 | D:1      | Reached XP level 2. HP: 23/23 MP: 0/0
   924 | D:1      | Reached XP level 3. HP: 28/29 MP: 0/0
   924 | D:1      | Learned a level 1 spell: Pain
  1723 | D:2      | Found a faded altar of an unknown god.
  1877 | D:2      | Reached XP level 4. HP: 35/35 MP: 0/0
  1905 | D:2      | Reached skill level 1 in Short Blades
  3008 | D:2      | Reached XP level 5. HP: 31/40 MP: 0/0
  3008 | D:2      | Learned a level 2 spell: Slow
  3468 | D:3      | Reached XP level 6. HP: 40/46 MP: 0/0
  4107 | D:4      | Found a staircase to the Ecumenical Temple.
  4113 | Temple   | Entered the Ecumenical Temple
  4264 | Temple   | Became a worshipper of Makhleb the Destroyer
  4668 | D:5      | Entered Level 5 of the Dungeon
  4682 | D:4      | Reached skill level 1 in Spellcasting
  5040 | D:5      | Noticed a black bear
  5401 | D:4      | Killed a black bear
  5402 | D:4      | Reached XP level 7. HP: 40/50 MP: 0/0
  5402 | D:4      | Learned a level 3 spell: Frozen Ramparts
  5919 | D:5      | Noticed Grinder
  5935 | D:5      | Paralysed by Grinder for 6 turns
  5950 | D:5      | Killed Grinder
  6414 | D:5      | Noticed Duvessa
  6414 | D:5      | Noticed Dowan
  6474 | D:5      | Reached XP level 8. HP: 38/56 MP: 0/0
  6623 | D:5      | Reached skill level 5 in Spellcasting
  7071 | D:5      | Reached skill level 3 in Dodging
  7283 | D:6      | Reached skill level 4 in Dodging
  7508 | D:6      | Found a sand-covered staircase.
  7649 | Ossuary  | Entered an ossuary
  7649 | Ossuary  | Noticed a wraith
  7649 | Ossuary  | Noticed a wraith
  7649 | Ossuary  | Noticed a wraith
  8081 | Ossuary  | Reached skill level 5 in Short Blades
  8145 | Ossuary  | Noticed a wraith
  8406 | D:6      | Reached XP level 9. HP: 33/62 MP: 0/0
  8406 | D:6      | Learned a level 4 spell: Dispel Undead
  8744 | D:6      | Reached skill level 5 in Dodging
  8968 | D:6      | Reached skill level 6 in Dodging
  9075 | D:6      | Reached * piety under Makhleb
  9182 | D:6      | Noticed a troll
  9189 | D:6      | Noticed a white ugly thing
  9202 | D:5      | Slain by a troll

Illustrated notes

Levels and vault maps discovered:
D:1:      lightli_arrival_statuegarden, layout_loops_ring
D:2:      layout_basic, dreamdust_ecumenical_altar_hidden_monk_grotto,
          minmay_misc_feat_tiny
D:3:      layout_loops_cross, cheibrodos_gnoll_hut
D:4:      layout_basic, temple_green, serial_bayou_pond_c
D:5:      layout_loops_ring, nrook_mini_vaults, grunt_ministairs_10,
          serial_park_tiny_2, uniq_grinder, uniq_duvessa
D:6:      layout_basic, lemuel_zombie_altar_kikubaaqudgha,
          chequers_ossuary_entry_cave, minmay_manual_maat
Temple:   regret_index_temple_sphere_string

Skill      XL: |  1  2  3  4  5  6  7  8  9 |
---------------+----------------------------+-----
Fighting       | 2 3 4 |  4.1
Short Blades   | 2 3 4 5 |  5.0
Spellcasting   | 2 4 5 |  5.2
Dodging        | 4 6 |  6.4
Armour         | |  1.0
Stealth        | |  0.7
Evocations     | |  3.0

Action                   |  1- 3 |  4- 6 |  7- 9 || total
-------------------------+-------+-------+-------++-------
Melee: Club              |   134 |       |       ||   134
       Short sword       |    36 |   158 |   272 ||   466
Throw: Dart              |     1 |    11 |    18 ||    30
       Javelin           |       |       |    12 ||    12
 Cast: Pain              |     5 |       |       ||     5
       Frozen Ramparts   |       |       |    21 ||    21
       Slow              |       |       |     3 ||     3
       Dispel Undead     |       |       |     1 ||     1
Evoke: Wand              |    11 |     4 |     6 ||    21
       Piece from Xom's  |     3 |     2 |       ||     5
  Use: Potion            |       |     3 |     7 ||    10
 Stab: Petrified         |    23 |       |       ||    23
       Petrifying        |     1 |       |       ||     1
Armor: Leather armour    |    56 |       |    43 ||    99
       Scale mail        |    47 |    89 |       ||   136
       Ring mail         |       |       |    29 ||    29
Dodge: Dodged            |   141 |    90 |   157 ||   388
